AoeStats
← 马德拉岛上的男人

Arena

510835713Analyzed
4v4 RM · 13h ago on Oct 2, 2026· 52m 27s· 8 players
Game mode
Random Map
Map size
Large (8 player)
Population
200
Speed
Normal
Resources
Standard
Victory
Conquest
Starting age
Dark Age
Ending age
Imperial Age
RankedLock teamsTeams togetherTeam positionsShared explorationLock speedFull tech treeHidden civsTurbo modeCheats
Victory
Defeat
🇨🇳 Vietnamese · China
1535
+4
🇨🇳 Italians · China
1318
+10
1090
+48
🇨🇳 Khmer · China
868
+25
🇳🇴 Burgundians · Norway
1228
-17
🇳🇴 Ethiopians · Norway
1209
-16
🇳🇴 Slavs · Norway
1184
-15
🇸🇪 Danes · Sweden
1029
-9
yuyuyuyuyu
10:16 Feudal Age
14:08 Castle Age
12:47 Horse Collar
12:53 Double-Bit Axe
15:09 Wheelbarrow
15:17 Bow Saw
15:16 Heavy Plow
21:17 Hand Cart
22:36 Stone Mining
22:36 Gold Mining
28:01 Imperial Age
25:18 Loom
25:19 Town Watch
25:42 Fletching
27:01 Forging
26:46 Bodkin Arrow
34:21 Two-Man Saw
34:03 Crossbowman
34:49 Thumb Ring
34:45 Bracer
34:46 Padded Archer Armor
35:12 Ballistics
34:53 Arbalester
36:33 Leather Archer Armor
37:26 Chemistry
38:04 Ring Archer Armor
38:28 Stone Shaft Mining
40:10 Elite Skirmisher
40:56 Scale Mail Armor
40:59 Imperial Skirmisher
41:58 Guilds
43:31 Crop Rotation
43:49 Paper Money
43:39 Scale Barding Armor
43:34 Elite Battle Elephant
44:31 Bloodlines
44:21 Husbandry
45:42 Chain Barding Armor
46:43 Iron Casting
45:32 Light Cavalry
46:53 Town Patrol
48:10 Masonry
47:44 Treadmill Crane
49:26 Coinage
50:55 Hoardings
51:06 Caravan
51:36 Banking
52:11 Plate Barding Armor
Ricardo·M·lu
6:09 Loom
11:59 Feudal Age
15:54 Castle Age
15:55 Double-Bit Axe
19:36 Bow Saw
20:23 Horse Collar
21:58 Heavy Plow
23:58 Wheelbarrow
24:35 Pikeman
25:18 Scale Mail Armor
26:16 Forging
27:48 Hand Cart
29:43 Gold Mining
31:11 Chain Mail Armor
35:45 Imperial Age
33:10 Arson
37:06 Double Crossbow
37:17 Siege Engineers
37:59 Coinage
38:53 Conscription
38:32 Heavy Scorpion
40:18 Gold Shaft Mining
39:39 Stone Mining
39:38 Halberdier
44:13 Elite Ballista Elephant
51:14 Banking
50:45 Caravan
FFFF
2:23 Loom
2:39 Loom
9:53 Feudal Age
13:36 Castle Age
11:29 Double-Bit Axe
14:58 Wheelbarrow
15:23 Bow Saw
21:26 Loom
23:08 Stone Mining
25:06 Stone Shaft Mining
24:23 Gold Mining
24:13 Horse Collar
31:01 Imperial Age
28:51 Hand Cart
39:22 Heavy Plow
40:01 Stone Shaft Mining
40:48 Two-Man Saw
39:35 Town Watch
40:13 Conscription
40:20 Ballistics
41:01 Chemistry
40:28 Treadmill Crane
42:12 Padded Archer Armor
42:02 Fletching
42:52 Crop Rotation
46:16 Scale Barding Armor
46:21 Forging
46:49 Masonry
46:59 Bloodlines
46:50 Husbandry
46:20 Light Cavalry
47:03 Elite Genoese Crossbowman
48:09 Chain Barding Armor
48:25 Iron Casting
48:27 Hussar
50:02 Plate Barding Armor
51:30 Blast Furnace
51:44 Hoardings
51:59 Bodkin Arrow
52:23 Leather Archer Armor
52:59 Silk Road
马德拉岛上的男人
10:01 Feudal Age
14:20 Castle Age
13:00 Double-Bit Axe
14:33 Horse Collar
20:11 Wheelbarrow
20:29 Bow Saw
20:25 Loom
21:29 Heavy Plow
22:57 Loom
24:36 Gold Mining
25:24 Stone Mining
27:15 Scale Barding Armor
28:07 Hand Cart
27:38 Town Watch
30:53 Imperial Age
29:31 Ballistics
29:47 Bloodlines
29:38 Husbandry
30:50 Chain Barding Armor
30:31 Padded Archer Armor
30:43 Forging
30:55 Masonry
31:36 Cavalier
33:01 Plate Barding Armor
33:03 Iron Casting
33:10 Stone Shaft Mining
33:38 Two-Man Saw
33:39 Paladin
36:00 Blast Furnace
34:51 Fletching
35:55 Conscription
37:27 Guilds
37:47 Coinage
41:25 Bodkin Arrow
48:06 Light Cavalry
49:45 Banking
einar
12:07 Feudal Age
15:56 Castle Age
13:50 Double-Bit Axe
13:50 Horse Collar
14:46 Fletching
15:19 Padded Archer Armor
16:03 Crossbowman
17:00 Bodkin Arrow
17:41 Gold Mining
18:59 Bow Saw
24:09 Thumb Ring
26:09 Ballistics
29:59 Leather Archer Armor
37:34 Wheelbarrow
39:08 Scale Mail Armor
39:18 Forging
39:12 Squires
40:51 Hand Cart
41:09 Fortified Wall
41:10 Masonry
41:25 Chain Mail Armor
41:46 Iron Casting
41:57 Loom
44:59 Imperial Age
43:19 Town Watch
45:12 Arbalester
45:58 Bracer
47:29 Chemistry
49:14 Halberdier
51:30 Plate Mail Armor
haksve
12:55 Feudal Age
13:55 Horse Collar
14:02 Double-Bit Axe
15:20 Loom
18:18 Castle Age
16:52 Gold Mining
18:09 Scale Mail Armor
18:31 Forging
21:54 Chain Mail Armor
21:29 Man-at-Arms
23:24 Iron Casting
22:35 Long Swordsman
24:11 Squires
25:21 Wheelbarrow
30:40 Bow Saw
30:32 Heavy Plow
39:26 Imperial Age
38:11 Ballistics
38:04 Masonry
40:27 Hand Cart
39:57 Town Watch
41:18 Pikeman
41:25 Heavy Scorpion
42:33 Siege Engineers
43:24 Plate Mail Armor
43:55 Blast Furnace
44:58 Halberdier
ClickClackk
3:37 Double-Bit Axe
8:30 Horse Collar
13:20 Feudal Age
13:39 Gold Mining
15:01 Bow Saw
15:05 Heavy Plow
17:35 Castle Age
16:09 Stone Mining
16:39 Scale Barding Armor
17:21 Gold Shaft Mining
18:35 Scale Barding Armor
19:52 Chain Barding Armor
21:19 Scale Mail Armor
21:34 Forging
21:44 Scale Mail Armor
25:21 Wheelbarrow
26:00 Iron Casting
26:12 Squires
27:04 Hand Cart
26:36 Town Watch
26:36 Loom
27:21 Arson
27:56 Chain Mail Armor
27:29 Arson
27:43 Fletching
29:52 Stone Shaft Mining
31:01 Fervor
34:53 Imperial Age
35:16 Burgundian Vineyards
36:30 Plate Barding Armor
36:18 Conscription
37:35 Blast Furnace
37:49 Chemistry
37:10 Ballistics
37:56 Husbandry
38:30 Plate Mail Armor
37:42 Capped Ram
38:57 Bodkin Arrow
39:52 Fortified Wall
39:52 Masonry
40:49 Bracer
42:33 Two-Man Saw
42:43 Architecture
42:10 Murder Holes
41:55 Elite Coustillier
44:19 Careening
Milvardo
7:11 Loom
12:21 Feudal Age
13:30 Loom
14:38 Double-Bit Axe
17:43 Castle Age
16:45 Gold Mining
16:44 Loom
17:35 Wheelbarrow
17:25 Horse Collar
18:01 Scale Mail Armor
18:11 Forging
21:05 Bow Saw
23:59 Heavy Plow
27:12 Arson
27:29 Squires
28:31 Iron Casting
28:11 Chain Mail Armor
30:29 Gambesons
31:33 Fletching
33:42 Gold Shaft Mining
32:57 Stone Mining
32:56 Town Watch
33:26 Hand Cart
33:07 Heated Shot
33:29 Masonry
33:48 Hamask
39:49 Imperial Age
38:32 Stone Shaft Mining
39:55 Elite Jomsviking
41:16 Bodkin Arrow
41:02 Elite Skirmisher
41:39 Arrowslits
41:50 Murder Holes
42:59 Conscription
43:29 Bracer
44:06 Capped Ram
44:06 Onager
44:25 Elite Varangian Guard
51:33 Blast Furnace
51:03 Plate Mail Armor
50:35 Siege Ram
Connection lost

Rejoining the realm…

Still unreachable

The connection could not be restored.

Session expired

The server has moved on; the page needs a fresh start.